 Dungeon Crawl Stone Soup version 0.26.1-11-gd32895ea62 (webtiles) character file.

Game seed: 2958717464410525636

67 Fusha the Sneak (level 4, 0/33 HPs)
             Began as a Human Brigand on June 15, 2021.
             Succumbed to an adder's poison
             ... on level 2 of the Dungeon.
             The game lasted 00:05:08 (1744 turns).

Fusha the Sneak (Human Brigand)                     Turns: 1744, Time: 00:05:08

Health: 0/33       AC:  5    Str: 11    XL:     4   Next: 38%
Magic:  4/4        EV: 10    Int: 12    God:
Gold:   107        SH:  0    Dex: 15    Spells: 3/3 levels left

rFire    . . .     SeeInvis .   a - +2 dagger
rCold    . . .     Faith    .   (no shield)
rNeg     . . .     Spirit   .   m - +0 ring mail
rPois    .         Reflect  .   k - -2 helmet (curse)
rElec    .         Harm     .   c - +0 cloak
rCorr    .         Rampage  .   (no gloves)
Will     .....                  (no boots)
Stlth    ++........             (no amulet)
HPRegen  0.11/turn              (no ring)
MPRegen  0.09/turn              (no ring)

@: brilliant, lethally poisoned (0 -> -1)
A: no striking features
a: no special abilities


You were on level 2 of the Dungeon.
You visited 1 branch of the dungeon, and saw 4 of its levels.

You collected 107 gold pieces.

Inventory:

Hand Weapons
 a - a +2 dagger (weapon)
Missiles
 d - 10 poisoned darts (quivered)
 e - 2 curare-tipped darts {!Q}
Armour
 b - a +0 robe
 c - a +0 cloak (worn)
 k - a cursed -2 helmet (worn)
 l - a +0 leather armour
 m - a +0 ring mail (worn)
Jewellery
 f - a cursed amulet of inaccuracy {unknown}
 h - an uncursed ring of protection from fire {unknown}
Scrolls
 n - a scroll of teleportation {unknown}
 o - 2 scrolls of identify
Potions
 g - a potion of invisibility
 i - a potion of brilliance


   Skills:
 + Level 2.2 Fighting
 + Level 2.6 Short Blades
 + Level 2.2 Throwing
 + Level 0.7 Armour
 + Level 1.2 Dodging
 + Level 5.0 Stealth


You had 3 spell levels left.
You didn't know any spells.
Your spell library was empty.

Dungeon Overview and Level Annotations

Branches:
Dungeon (4/15)
 Temple: D:4-7

Altars:

Annotations:
D:3 1 transporter


Message History

You feel sick.
* * * LOW HITPOINT WARNING * * *
You feel sick. The worm is pulled toward you! The worm is pulled toward you!
* * * LOW HITPOINT WARNING * * *
You feel sick. The worm is pulled toward you!
* * * LOW HITPOINT WARNING * * *
You feel sick. The worm is pulled toward you!
* * * LOW HITPOINT WARNING * * *
You feel sick. The worm is pulled toward you!
* * * LOW HITPOINT WARNING * * *
You feel sick. The worm is pulled toward you! The worm is pulled toward you!
* * * LOW HITPOINT WARNING * * *
You feel sick. The worm is pulled toward you!
You feel less attractive to monsters.
You die...

############.#
#..w..@......#
#.############ #.#
########. #.# #.≈..≈≈≈.
#.# ########.≈≈≈..≈≈ #.#
#......()≈≈≈≈(≈≈
###.#####.######(.≈≈≈≈≈≈
#.........# #≈.≈≈≈≈≈≈
#.#.####### #.≈≈≈≈≈.♣


You could see a worm.

Vanquished Creatures
  3 adders
  An ooze (D:1)
  2 dart slugs
  A leopard gecko (D:3)
  2 bats (D:1)
  2 giant cockroaches (D:1)
  5 hobgoblins (D:1)
  2 ball pythons
  A frilled lizard (D:1)
  6 goblins (D:1)
  A kobold (D:2)
  5 rats
31 creatures vanquished.

Notes
Turn   | Place    | Note
-------+----------+-------------------------------------------
     0 | D:1      | Fusha the Human Brigand began the quest for the Orb.
     0 | D:1      | Reached XP level 1. HP: 16/16 MP: 1/1
   163 | D:1      | Reached XP level 2. HP: 22/22 MP: 2/2
   467 | D:1      | Reached XP level 3. HP: 24/27 MP: 3/3
  1160 | D:2      | You fall into a shaft and drop 2 floors!
  1288 | D:3      | Reached skill level 5 in Stealth
  1496 | D:3      | Found a transporter.
  1533 | D:2      | Reached XP level 4. HP: 24/33 MP: 4/4
  1693 | D:2      | Found a faded altar of an unknown god.
  1736 | D:2      | HP: 1/33 [poisoned by an adder]
  1744 | D:2      | Succumbed to an adder's poison

Illustrated notes

Levels and vault maps discovered:
D:1:      dpeg_arrival_round_b, layout_basic, minmay_close_crescents
D:2:      layout_loops_ring, doesnt_xom_only_xom,
          chequers_ecumenical_altar_island, kennysheep_boxes
D:3:      layout_loops_corners, gammafunk_ghost_abyssal_escape, uniq_grinder
D:4:      layout_basic, serial_shops, kennysheep_mini

Skill      XL: |  1  2  3 |
---------------+----------+-----
Stealth        | 5 |  5.0
Fighting       | |  2.2
Short Blades   | |  2.6
Throwing       | |  2.2
Armour         | |  0.7
Dodging        | |  1.2

Action                   |  1- 3 |  4- 6 || total
-------------------------+-------+-------++-------
Melee: Dagger            |    86 |     7 ||    93
Throw: Dart              |     6 |    14 ||    20
  Use: Scroll            |     3 |       ||     3
       Potion            |       |     2 ||     2
Armor: Robe              |     5 |       ||     5
       Leather armour    |     7 |       ||     7
       Ring mail         |     4 |     7 ||    11
Dodge: Dodged            |    47 |     9 ||    56
